 Dungeon Crawl Stone Soup version 0.19-a0-994-g3c636f0 (webtiles) character file.

96 George the Slasher (level 4, -2/35 HPs)
             Began as a Demonspawn Fighter on July 16, 2016.
             Killed by divine providence
             ... invoked by an orc priest
              (12 damage)
             ... on level 3 of the Dungeon.
             The game lasted 00:02:18 (1526 turns).

George the Slasher (Demonspawn Fighter)             Turns: 1526, Time: 00:02:19

Health: -2/35      AC:  8    Str: 17    XL:     4   Next: 41%
Magic:  4/4        EV:  6    Int: 10    God:
Gold:   112        SH:  8    Dex: 12    Spells: 0 memorised, 3 levels left

rFire  . . .     SeeInvis .     a - +0 long sword
rCold  . . .     Gourm    .     b - +0 scale mail
rNeg   . . .     Faith    .     c - +0 shield
rPois  .         Spirit   .     (no helmet)
rElec  .         Dismiss  .     (no cloak)
rCorr  .         Reflect  .     i - +0 pair of gloves
SustAt .         Harm     .     (no boots)
MR     .....                    (no amulet)
Stlth  +.........               (no ring)
                                p - ring of stealth

@: not resistant to hostile enchantments, very unstealthy
A: icy blue scales 1, powered by death 1
a: no special abilities


You were on level 3 of the Dungeon.
You were not hungry.

You visited 1 branch of the dungeon, and saw 3 of its levels.

You collected 112 gold pieces.

Inventory:

Hand Weapons
 a - a +0 long sword (weapon)
Armour
 b - a +0 scale mail (worn)
 c - a +0 shield (worn)
 i - a +0 pair of gloves (worn)
Jewellery
 p - a ring of stealth (left hand)
Scrolls
 g - 3 scrolls of remove curse {unknown}
 l - a scroll of recharging {unknown}
 n - a scroll of magic mapping {unknown}
 o - a scroll of enchant weapon {unknown}
Potions
 d - a potion of might
 h - a potion of mutation {unknown}
 j - a potion of agility {unknown}
 m - a potion of berserk rage {unknown}
Comestibles
 f - 4 bread rations
 k - a beef jerky
 q - a slice of pizza
 r - a chunk of flesh


   Skills:
 - Level 3.0 Fighting
 + Level 4.2 Long Blades
 - Level 2.6 Armour
 - Level 2.6 Shields


You had 3 spell levels left.
You didn't know any spells.

Dungeon Overview and Level Annotations

Branches:
Dungeon (3/15)

Altars:
Nemelex Xobeh
Uskayaw
Xom


Innate Abilities, Weirdness & Mutations

You are partially covered in icy blue scales. (AC +1)
You regenerate a little health from kills.


Message History

The orc priest is severely wounded.
You block the orc priest's attack.
The orc priest hits you but does no damage.
You closely miss the orc priest.
The orc priest is severely wounded.
The orc priest hits you but does no damage.
Your shield prevents you from hitting the orc priest.
The orc priest is severely wounded.
The orc priest hits you but does no damage.
You hit the orc priest.
The orc priest is almost dead.
You block the orc priest's attack.
Your shield prevents you from hitting the orc priest.
The orc priest is almost dead.
The orc priest hits you but does no damage.
Your shield and scale mail prevent you from hitting the orc priest.
The orc priest is almost dead.
The orc priest calls down the wrath of Beogh upon you.
Beogh smites you!
You die...

##############
.............#
......o@<....#
.............#
.....>.......#
###..........#
#..........#
#####.######
#.# #.#


You could see an orc priest.

Vanquished Creatures
  An orc wizard (D:2)
  An adder (D:2)
  3 worms (D:2)
  A dart slug (D:1)
  2 giant geckos (D:1)
  3 orcs (D:2)
  8 goblins
  6 hobgoblins
  3 jackals (D:2)
  3 kobolds
  A quokka (D:2)
  4 bats
  2 giant newts
  3 rats
41 creatures vanquished.

Notes
Turn   | Place    | Note
-------+----------+-------------------------------------------
     0 | D:1      | George the Demonspawn Fighter began the quest for the Orb.
     0 | D:1      | Reached XP level 1. HP: 18/18 MP: 1/1
    42 | D:1      | Reached skill level 2 in Long Blades
    94 | D:1      | Gained mutation: You are partially covered in icy blue scales. (AC +1) [demonic ancestry]
    94 | D:1      | Reached XP level 2. HP: 24/24 MP: 2/2
   624 | D:2      | Reached skill level 3 in Long Blades
   649 | D:2      | Reached XP level 3. HP: 23/29 MP: 3/3
   941 | D:2      | Found a shimmering altar of Xom.
  1045 | D:2      | Found a hide-covered altar of Uskayaw.
  1046 | D:2      | Found a sparkling altar of Nemelex Xobeh.
  1100 | D:2      | Reached skill level 4 in Long Blades
  1100 | D:2      | Gained mutation: You regenerate a little health from kills. [demonic ancestry]
  1100 | D:2      | Reached XP level 4. HP: 15/35 MP: 4/4
  1526 | D:3      | Killed from afar by an orc priest

Vault maps used:
D:1:      dpeg_arrival_rooms_c
D:2:      gammafunk_temple_overflow_statue, lemuel_round_altar
D:3:      overflow_temple_1_default, bh_walls_and_bars, uniq_sigmund,
          uniq_natasha

Skill      XL: |  1  2  3 |
---------------+----------+-----
Long Blades    | 2 3 4 |  4.2
Fighting       | |  3.0
Armour         | |  2.6
Shields        | |  2.6

Action                   |  1- 3 |  4- 6 || total
-------------------------+-------+-------++-------
Melee: Long sword        |   131 |    46 ||   177
  Eat: Chunk             |     1 |     1 ||     2
Armor: Scale mail        |    62 |    23 ||    85
Dodge: Dodged            |    35 |    10 ||    45
Block: Shield            |    68 |    20 ||    88
